SAA
REMSEN ALPHAS @ GURDON PELICANS
05/30/2019
 
TOP OF THE 1ST
Remsen Alphas batting - Pitching for Gurdon Pelicans : RHP Lester Sullivan
Pitching: RHP Lester Sullivan
Batting: RHB Juan Salinas 0-0: Ball
1-0: Ball
2-0: Foul Ball, location: 2F
2-1: Foul Ball, location: 2F
2-2: Ball
3-2: Foul Ball, location: 2F
3-2: Strikes out looking
Batting: LHB Keith Alexander 0-0: Called Strike
0-1: Called Strike
0-2: Hit by Pitch
Batting: LHB Scott Britt 0-0: SINGLE (Groundball, 34D)
Keith Alexander to second
Runner from 2nd tries for 3rd, SAFE, throw made to third
Batting: LHB Félix López 0-0: Ball
1-0: Called Strike
1-1: DOUBLE (Flyball, 89D)
Keith Alexander scores
Scott Britt to third
Runner from 3rd tries for Home, SAFE, throw made home
Batting: RHB Francisco García 0-0: Ball
1-0: Called Strike
1-1: Fly out, F9 (Flyball, 9LS)
Batting: RHB Manuel Martínez 0-0: Ball
1-0: Ball
2-0: Ball
3-0: Called Strike
3-1: Base on Balls
Batting: RHB Tim Giap 0-0: Foul Ball, location: 2F
0-1: Ball
1-1: Swinging Strike
1-2: Fly out, F7 (Popup, 7LM)
Top of the 1st over - 2 run(s), 2 hit(s), 0 error(s), 2 left on base; Remsen 2 - Gurdon 0
BOTTOM OF THE 1ST
Gurdon Pelicans batting - Pitching for Remsen Alphas : LHP Víctor Sánchez
Pitching: LHP Víctor Sánchez
Batting: RHB Alex Maxwell 0-0: Ball
1-0: Foul Ball, location: 2F
1-1: Ground out 5-3 (Groundball, 5L)
Batting: SHB Lionel Merlet 0-0: DOUBLE (Line Drive, 7LM)
Batting: LHB Guillermo Martínez 0-0: SINGLE (Groundball, 2R) (infield hit)
Lionel Merlet to third
Batting: SHB Carlos Kramer 0-0: Ball
1-0: Ball
2-0: Fly out, F8 (Flyball, 8RM)
Runner from 3rd tags up, SCORES, no throw
Batting: RHB Bobby Buck 0-0: Reached on error, E5 (Groundball, 56)
Guillermo Martínez to second
Batting: RHB Riley Howard 0-0: Foul Ball, location: 2F
0-1: Ball
1-1: Ball
2-1: Ball
3-1: Base on Balls
Guillermo Martínez to third
Bobby Buck to second
Batting: RHB Ludovico Trezza 0-0: Foul Ball, location: 2F
0-1: Foul Ball, location: 2F
0-2: Ground out 1-3 (Groundball, 13)
Bottom of the 1st over - 1 run(s), 2 hit(s), 1 error(s), 3 left on base; Remsen 2 - Gurdon 1
TOP OF THE 2ND
Remsen Alphas batting - Pitching for Gurdon Pelicans : RHP Lester Sullivan
Batting: RHB José Magana 0-0: Fly out, F6 (Popup, 5)
Batting: SHB Antonio Vaccarini 0-0: Called Strike
0-1: Ball
1-1: Foul Ball, location: 2F
1-2: Ball
2-2: Strikes out swinging
Batting: RHB Juan Salinas 0-0: Called Strike
0-1: Foul Ball, location: 2F
0-2: Foul Ball, location: 2F
0-2: Ball
1-2: Ball
2-2: Strikes out swinging
Top of the 2nd over - 0 run(s), 0 hit(s), 0 error(s), 0 left on base; Remsen 2 - Gurdon 1
BOTTOM OF THE 2ND
Gurdon Pelicans batting - Pitching for Remsen Alphas : LHP Víctor Sánchez
Batting: RHB António Sánchez 0-0: Ball
1-0: Ball
2-0: Ball
3-0: Base on Balls
Batting: RHB Martín Álvarez 0-0: Ball
1-0: Ball
2-0: DOUBLE (Line Drive, 7LM)
António Sánchez to third
Runner from 3rd tries for Home, throw and OUT!
Martín Álvarez to third
Batting: RHB Alex Maxwell 0-0: Ball
1-0: SINGLE (Groundball, 34S)
Martín Álvarez scores
Batting: SHB Lionel Merlet 0-0: Ball
1-0: Ball
2-0: Ball
3-0: Foul Ball, location: 2F
3-1: 2-RUN HOME RUN (Line Drive, 78XD), Distance : 437 ft
Batting: LHB Guillermo Martínez 0-0: Ball
1-0: Called Strike
1-1: Ball
2-1: DOUBLE (Flyball, 9D)
Batting: SHB Carlos Kramer 0-0: Ball
1-0: Fly out, F6 (Popup, 78S)
Batting: RHB Bobby Buck 0-0: Ball
1-0: Ball
2-0: Called Strike
2-1: Swinging Strike
2-2: SINGLE (Groundball, 56D)
Guillermo Martínez to third
Runner from 3rd tries for Home, SAFE, no throw or cutoff
Pitching: RHP Terao Kondo
Batting: RHB Riley Howard 0-0: Fielders Choice at 2nd, 5-4 (Groundball, 56)
Bottom of the 2nd over - 4 run(s), 5 hit(s), 0 error(s), 0 left on base; Remsen 2 - Gurdon 5
TOP OF THE 3RD
Remsen Alphas batting - Pitching for Gurdon Pelicans : RHP Lester Sullivan
Batting: LHB Keith Alexander 0-0: Swinging Strike
0-1: Ball
1-1: Swinging Strike
1-2: Ball
2-2: Strikes out swinging
Batting: LHB Scott Britt 0-0: SINGLE (Line Drive, 8LS)
Batting: LHB Félix López 0-0: Ball
1-0: Grounds into double play, 4-6-3 (Groundball, 4)
Top of the 3rd over - 0 run(s), 1 hit(s), 0 error(s), 0 left on base; Remsen 2 - Gurdon 5
BOTTOM OF THE 3RD
Gurdon Pelicans batting - Pitching for Remsen Alphas : RHP Terao Kondo
Batting: RHB Ludovico Trezza 0-0: Foul Ball, location: 2F
0-1: Swinging Strike
0-2: Foul Ball, location: 2F
0-2: Ball
1-2: Fly out, F9 (Flyball, 9LM)
Batting: RHB António Sánchez 0-0: Ball
1-0: Ball
2-0: Fly out, F7 (Flyball, 78D)
Batting: RHB Martín Álvarez 0-0: Ball
1-0: Foul Ball, location: 2F
1-1: Ball
2-1: Ground out 4-3 (Groundball, 4)
Bottom of the 3rd over - 0 run(s), 0 hit(s), 0 error(s), 0 left on base; Remsen 2 - Gurdon 5
TOP OF THE 4TH
Remsen Alphas batting - Pitching for Gurdon Pelicans : RHP Lester Sullivan
Batting: RHB Francisco García 0-0: Ball
1-0: Swinging Strike
1-1: Foul Ball, location: 2F
1-2: Ball
2-2: Ball
3-2: Strikes out swinging
Batting: RHB Manuel Martínez 0-0: Swinging Strike
0-1: Swinging Strike
0-2: Strikes out swinging
Batting: RHB Tim Giap 0-0: Swinging Strike
0-1: Ball
1-1: Foul Ball, location: 2F
1-2: Foul Ball, location: 2F
1-2: Ball
2-2: Foul Ball, location: 2F
2-2: Foul Ball, location: 2F
2-2: Fly out, F7 (Popup, 7S)
Top of the 4th over - 0 run(s), 0 hit(s), 0 error(s), 0 left on base; Remsen 2 - Gurdon 5
BOTTOM OF THE 4TH
Gurdon Pelicans batting - Pitching for Remsen Alphas : RHP Terao Kondo
Batting: RHB Alex Maxwell 0-0: Swinging Strike
0-1: Ball
1-1: Called Strike
1-2: Ball
2-2: Fly out, F7 (Flyball, 7M)
Batting: SHB Lionel Merlet 0-0: Foul Ball, location: 2F
0-1: SINGLE (Groundball, 4M)
Batting: LHB Guillermo Martínez 0-0: Called Strike
0-1: Ball
1-1: Swinging Strike
1-2: Ball
2-2: Strikes out swinging
Batting: SHB Carlos Kramer 0-0: Called Strike
0-1: Ball
1-1: Ball
2-1: Ball
3-1: SINGLE (Groundball, 15S) (infield hit)
Lionel Merlet to second
Pitching: RHP Robby McDonald
Batting: RHB Bobby Buck 0-0: Foul Ball, location: 2F
0-1: Fielders Choice at 2nd, 6-4 (Groundball, 6)
Bottom of the 4th over - 0 run(s), 2 hit(s), 0 error(s), 1 left on base; Remsen 2 - Gurdon 5
TOP OF THE 5TH
Remsen Alphas batting - Pitching for Gurdon Pelicans : RHP Lester Sullivan
Batting: RHB José Magana 0-0: Called Strike
0-1: Ball
1-1: Called Strike
1-2: Ball
2-2: Ball
3-2: Foul Ball, location: 2F
3-2: Base on Balls
Batting: SHB Antonio Vaccarini 0-0: Bunt missed!
0-1: Bunted foul
0-2: Ball
1-2: Strikes out swinging
Batting: RHB Juan Salinas 0-0: Called Strike
0-1: Ball
1-1: Foul Ball, location: 2F
1-2: Ball
2-2: Strikes out looking
Batting: LHB Keith Alexander 0-0: Ball
1-0: Called Strike
1-1: Called Strike
1-2: Strikes out swinging
Top of the 5th over - 0 run(s), 0 hit(s), 0 error(s), 1 left on base; Remsen 2 - Gurdon 5
BOTTOM OF THE 5TH
Gurdon Pelicans batting - Pitching for Remsen Alphas : RHP Robby McDonald
Batting: RHB Riley Howard 0-0: Foul Ball, location: 2F
0-1: Ground out 1-3 (Groundball, 15S)
Batting: RHB Ludovico Trezza 0-0: Ball
1-0: DOUBLE (Line Drive, 7LM)
Batting: RHB António Sánchez 0-0: Ball
1-0: Ball
2-0: Ball
3-0: Base on Balls
Batting: RHB Martín Álvarez 0-0: Ball
1-0: Called Strike
1-1: Foul Ball, location: 2F
1-2: Strikes out swinging
Batting: RHB Alex Maxwell 0-0: Called Strike
0-1: Called Strike
0-2: Ball
1-2: Ball
2-2: Ball
3-2: Strikes out looking
Bottom of the 5th over - 0 run(s), 1 hit(s), 0 error(s), 2 left on base; Remsen 2 - Gurdon 5
TOP OF THE 6TH
Remsen Alphas batting - Pitching for Gurdon Pelicans : RHP Lester Sullivan
Batting: LHB Scott Britt 0-0: Ball
1-0: Foul Ball, location: 2F
1-1: Ball
2-1: Fly out, F9 (Flyball, 89D)
Batting: LHB Félix López 0-0: Called Strike
0-1: Ball
1-1: Ball
2-1: Ball
3-1: Foul Ball, location: 2F
3-2: Ground out 1-3 (Groundball, 25)
Batting: RHB Francisco García 0-0: SOLO HOME RUN (Flyball, 78XD), Distance : 417 ft
Batting: RHB Manuel Martínez 0-0: Ball
1-0: Called Strike
1-1: Ground out 1-3 (Groundball, 13)
Top of the 6th over - 1 run(s), 1 hit(s), 0 error(s), 0 left on base; Remsen 3 - Gurdon 5
BOTTOM OF THE 6TH
Gurdon Pelicans batting - Pitching for Remsen Alphas : RHP Robby McDonald
Batting: SHB Lionel Merlet 0-0: Ball
1-0: Ball
2-0: Called Strike
2-1: SINGLE (Groundball, 34D) (infield hit)
Batting: LHB Guillermo Martínez 0-0: Ball
1-0: Called Strike
1-1: Ball
Pickoff Throw by Catcher to First - Error! E2
Lionel Merlet to second
2-1: Intentional Walk
Batting: SHB Carlos Kramer 0-0: Ball
1-0: Foul Ball, location: 2F
1-1: Foul Ball, location: 2F
1-2: Grounds into double play, 4-6-3 (Groundball, 4)
Lionel Merlet to third
Batting: RHB Bobby Buck 0-0: 2-RUN HOME RUN (Flyball, 78XD), Distance : 417 ft
Pitching: RHP Mark Bell
Batting: RHB Riley Howard 0-0: Foul Ball, location: 2F
0-1: Ball
1-1: Foul Ball, location: 2F
1-2: Foul Ball, location: 2F
1-2: Strikes out looking
Bottom of the 6th over - 2 run(s), 2 hit(s), 1 error(s), 0 left on base; Remsen 3 - Gurdon 7
TOP OF THE 7TH
Remsen Alphas batting - Pitching for Gurdon Pelicans : RHP Lester Sullivan
Batting: RHB Tim Giap 0-0: Ball
1-0: Foul Ball, location: 2F
1-1: Called Strike
1-2: Strikes out looking
Batting: RHB José Magana 0-0: Ball
1-0: Called Strike
1-1: Fly out, F5 (Popup, 25F)
Batting: SHB Antonio Vaccarini 0-0: Ground out 4-3 (Groundball, 34)
Top of the 7th over - 0 run(s), 0 hit(s), 0 error(s), 0 left on base; Remsen 3 - Gurdon 7
BOTTOM OF THE 7TH
Gurdon Pelicans batting - Pitching for Remsen Alphas : RHP Mark Bell
Batting: RHB Ludovico Trezza 0-0: Ball
1-0: Ball
2-0: Ball
3-0: Called Strike
3-1: Ground out 6-3 (Groundball, 6M)
Batting: RHB António Sánchez 0-0: Called Strike
0-1: Hit by Pitch
Batting: RHB Martín Álvarez 0-0: SINGLE (Line Drive, 6D)
António Sánchez to second
Batting: RHB Alex Maxwell 0-0: Called Strike
0-1: SINGLE (Groundball, 56D)
António Sánchez to third
Martín Álvarez to second
Runner from 3rd tries for Home, SAFE, no throw or cutoff
Batting: SHB Lionel Merlet 0-0: Ball
1-0: Ball
Wild Pitch!
Martín Álvarez to third
Alex Maxwell to second
2-0: Foul Ball, location: 2F
2-1: Ball
3-1: Base on Balls
Batting: LHB Guillermo Martínez 0-0: Foul Ball, location: 2F
0-1: Ball
1-1: Ball
2-1: Foul Ball, location: 2F
2-2: Fly out, F7 (Flyball, 7M)
Runner from 3rd tags up, SCORES, no throw
Pitching: LHP Joaquín Velázquez
Batting: SHB Carlos Kramer 0-0: Called Strike
0-1: Called Strike
0-2: Ball
1-2: Ball
2-2: SINGLE (Groundball, 5D)
Alex Maxwell to third
Lionel Merlet to second
Runner from 3rd tries for Home, SAFE, no throw or cutoff
Batting: RHB Bobby Buck 0-0: Ball
1-0: Ball
2-0: Called Strike
2-1: Ball
3-1: Foul Ball, location: 2F
3-2: 3-RUN HOME RUN (Flyball, 7D), Distance : 385 ft
Pitching: RHP Walt Newell
Batting: RHB Riley Howard 0-0: Fly out, F9 (Flyball, 89S)
Bottom of the 7th over - 6 run(s), 4 hit(s), 0 error(s), 0 left on base; Remsen 3 - Gurdon 13
TOP OF THE 8TH
Remsen Alphas batting - Pitching for Gurdon Pelicans : RHP Lester Sullivan
Pitching: LHP Stanton Miranda
Now at 1B: Daniel Drake
Batting: RHB Juan Salinas 0-0: Ball
1-0: Swinging Strike
1-1: Ball
2-1: Fly out, F8 (Flyball, 8RM)
Batting: LHB Keith Alexander 0-0: Ball
1-0: Ground out 5-3 (Groundball, 56)
Batting: LHB Scott Britt 0-0: Called Strike
0-1: Ball
1-1: SINGLE (Line Drive, 34)
Batting: LHB Félix López 0-0: Called Strike
0-1: Ball
1-1: DOUBLE (Flyball, 8LM)
Scott Britt to third
Runner from 3rd tries for Home, SAFE, throw made at trailing runner, OUT at third!
Top of the 8th over - 1 run(s), 2 hit(s), 0 error(s), 0 left on base; Remsen 4 - Gurdon 13
BOTTOM OF THE 8TH
Gurdon Pelicans batting - Pitching for Remsen Alphas : RHP Walt Newell
Batting: RHB Ludovico Trezza 0-0: Ball
1-0: Ball
2-0: DOUBLE (Groundball, 5L)
Batting: RHB António Sánchez 0-0: Ball
1-0: Called Strike
1-1: SINGLE (Popup, 6MD)
Ludovico Trezza to third
Pinch Hitting: RHB Chip Teague 0-0: Ball
1-0: Ball
2-0: Ball
3-0: Base on Balls
António Sánchez to second
Batting: RHB Alex Maxwell 0-0: Called Strike
0-1: Ball
1-1: Swinging Strike
1-2: Strikes out swinging
Batting: SHB Lionel Merlet 0-0: Ball
1-0: Ball
2-0: Called Strike
2-1: Called Strike
2-2: Ball
3-2: Strikes out looking
Batting: RHB Daniel Drake 0-0: Called Strike
0-1: Ball
1-1: Ball
2-1: Called Strike
2-2: Fly out, F8 (Flyball, 8RM)
Bottom of the 8th over - 0 run(s), 2 hit(s), 0 error(s), 3 left on base; Remsen 4 - Gurdon 13
TOP OF THE 9TH
Remsen Alphas batting - Pitching for Gurdon Pelicans : LHP Stanton Miranda
Now at SS: Chip Teague
Batting: RHB Francisco García 0-0: Ball
1-0: Called Strike
1-1: Ball
2-1: Reached on error, E2 (Groundball, 23)
Batting: RHB Manuel Martínez 0-0: Called Strike
0-1: Ball
1-1: Ball
2-1: Called Strike
2-2: Ball
3-2: Foul Ball, location: 2F
3-2: Base on Balls
Batting: RHB Tim Giap 0-0: Called Strike
0-1: Ball
1-1: Ball
2-1: Called Strike
2-2: Strikes out swinging
Batting: RHB José Magana 0-0: SINGLE (Line Drive, 89M)
Francisco García to third
Manuel Martínez to second
Runner from 3rd tries for Home, SAFE, no throw or cutoff
Batting: SHB Antonio Vaccarini 0-0: Fly out, F7 (Line Drive, 7M)
Batting: RHB Juan Salinas 0-0: Ball
1-0: Fielders Choice at 2nd, U6 (Groundball, 6M)
Top of the 9th over - 1 run(s), 1 hit(s), 1 error(s), 2 left on base; Remsen 5 - Gurdon 13
This league is powered by Out of the Park Baseball, the baseball management simulation game for PC, Mac and Linux
Saturday, July 25th, 2015 - OOTP Baseball 15.6 Build 34